AoeStats
← MAVERICK

Black Forest

510373446Analyzed
3v3 RM · 22h ago on Sep 30, 2026· 17m 9s· 6 players
Game mode
Random Map
Map size
Normal (6 player)
Population
200
Speed
Normal
Resources
Standard
Victory
Conquest
Starting age
Dark Age
Ending age
Imperial Age
RankedLock teamsTeams togetherTeam positionsShared explorationLock speedFull tech treeHidden civsTurbo modeCheats
Victory
Defeat
🇦🇷 Bohemians · Argentina
1182
+14
🇨🇦 Hindustanis · Canada
1177
+14
🇧🇪 Cumans · Belgium
1162
+16
🇦🇷 Persians · Argentina
1151
-15
🇦🇷 Britons · Argentina
1148
-15
🇦🇷 Spanish · Argentina
1126
-14
Dègno
9:50 Feudal Age
10:20 Loom
13:08 Bloodlines
13:26 Double-Bit Axe
NotGG
6:19 Loom
8:54 Feudal Age
9:37 Double-Bit Axe
15:53 Castle Age
TheHofmeister
5:19 Loom
11:10 Feudal Age
11:45 Double-Bit Axe
13:17 Fletching
16:00 Padded Archer Armor
16:03 Gold Mining
rstizza
5:01 Loom
13:43 Feudal Age
17:48 Castle Age
MAVERICK
0:40 Loom
13:42 Feudal Age
balgarv
0:44 Loom
13:26 Feudal Age
17:47 Castle Age
15:52 Double-Bit Axe
15:49 Horse Collar
Connection lost

Rejoining the realm…

Still unreachable

The connection could not be restored.

Session expired

The server has moved on; the page needs a fresh start.